 Dungeon Crawl Stone Soup version 0.26-b1-32-g5d43845318 (webtiles) character file.

Game seed: 2852406867136290655

122 mopl the Sneak (level 5, -6/28 HPs)
             Began as a Kobold Enchanter on Jan 11, 2021.
             Mangled by a gnoll (8 damage)
             ... on level 3 of the Dungeon.
             The game lasted 00:04:20 (2418 turns).

mopl the Sneak (Kobold Enchanter)                   Turns: 2418, Time: 00:04:21

Health: -6/28      AC:  2    Str:  5    XL:     5   Next: 27%
Magic:  1/9        EV: 15    Int: 18    God:
Gold:   133        SH:  0    Dex: 15    Spells: 1/10 levels left

rFire    . . .     SeeInvis .   a - +1 dagger
rCold    . . .     Faith    .   (shield restricted)
rNeg     . . .     Spirit   .   b - +0 robe
rPois    .         Reflect  .   (no helmet)
rElec    .         Harm     .   (no cloak)
rCorr    .         Rampage  .   (no gloves)
Will     .....                  (no boots)
Stlth    ++++......             (no amulet)
HPRegen  0.09/turn              (no ring)
MPRegen  0.11/turn              (no ring)

@: no status effects
A: small, nightstalker 3
a: no special abilities


You were on level 3 of the Dungeon.
You visited 1 branch of the dungeon, and saw 3 of its levels.

You collected 133 gold pieces.

Inventory:

Hand Weapons
 a - a +1 dagger (weapon)
 m - a +0 rapier of protection
Missiles
 r - 4 boomerangs
Armour
 b - a +0 robe (worn)
Scrolls
 c - a scroll of magic mapping {unknown}
 e - a scroll of enchant weapon {unknown}
 g - 2 scrolls of remove curse {unknown}
 j - 2 scrolls of enchant armour {unknown}
 k - a scroll of identify {unknown}
 n - a scroll of noise {unknown}
Potions
 d - a potion of flight {unknown}
 f - a potion of might {unknown}
 h - 2 potions of curing {unknown}
 i - a potion of attraction {unknown}
 l - 2 potions of heal wounds {unknown}
 o - a potion of lignification {unknown}
 p - 3 potions of brilliance {unknown}
 q - 3 potions of mutation {unknown}


   Skills:
 + Level 2.5 Short Blades
 - Level 2.4 Dodging
 * Level 5.1 Stealth
 * Level 3.1 Spellcasting
 + Level 0.1 Conjurations
 * Level 3.8 Hexes
 + Level 1.1 Ice Magic


You had one spell level left.
You knew the following spells:

 Your Spells              Type           Power        Failure   Level
a - Corona                Hex            17%          3%          1
b - Ensorcelled Hibernat  Hex/Ice        22%          9%          2
d - Tukima's Dance        Hex            16%          10%         3
g - Dazzling Flash        Conj/Hex       18%          22%         3

Your spell library contained the following spells:

 Spells                   Type           Power        Failure   Level
 Confusing Touch          Hex            16%          10%         3


Dungeon Overview and Level Annotations

Branches:
Dungeon (3/15)

Altars:
Gozag

Annotations:
D:2 exclusions: orc, orc priest, orc warrior and orc wizard


Innate Abilities, Weirdness & Mutations

You are small and have problems with some larger weapons.
You are completely attuned to the shadows.


Message History

The gnoll looks drowsy...
The helpless gnoll fails to defend itself.
You impale the gnoll!!
You kill the gnoll!
Casting: Ensorcelled Hibernation (safe; 9% risk of failure)
Confirm with . or Enter, or press ? or * to list all spells.
Aiming: Ensorcelled Hibernation (safe; 9% risk of failure)
Press: ? - help, Shift-Dir - straight line, f - gnoll
Aim: a gnoll (chance to affect: 50%)
The gnoll resists with some effort.
The gnoll hits you!
* * * LOW HITPOINT WARNING * * *
Your magical contamination has completely faded away.
A rat comes into view.
Casting: Ensorcelled Hibernation (safe; 9% risk of failure)
Confirm with . or Enter, or press ? or * to list all spells.
Aiming: Ensorcelled Hibernation (safe; 9% risk of failure)
Press: ? - help, Shift-Dir - straight line, f/p - gnoll
Aim: a gnoll (chance to affect: 50%)
The gnoll resists with some effort.
The gnoll hits you!
You die...

#.########.###...##.######.#.#.
#>..................# ####.#.#.
#.###.....####...#..###....#.#(
#.........####.#.##............
#####.....#....#.##..##.##.##.#
#.>...#.####..............#
#.....#.#.....#...##.#.##..
#####.....###.#....#...##.#
######## ####.r@.#......###.##..
#......# #.##g#......# #.####
#......# #..#.#.#....###.###.
#......# #..#.#......##....#)
#......# ##.#.#...#........#)
#......# ####.#.#.#<.......[...
#......# #....#.#....##......##
#......#####.####.#......)..._.##
#.........).......#.#.###......##


You could see a gnoll and a rat.

Vanquished Creatures
  3 gnolls (D:3)
  3 adders (D:2)
  A dart slug (D:2)
  A worm (D:2)
  A leopard gecko (D:2)
  2 orcs (D:3)
  2 giant cockroaches
  8 hobgoblins
  8 jackals
  A quokka (D:2)
  4 bats
  3 frilled lizards
  10 goblins
  5 kobolds
  3 rats
55 creatures vanquished.

Notes
Turn   | Place    | Note
-------+----------+-------------------------------------------
     0 | D:1      | mopl the Kobold Enchanter began the quest for the Orb.
     0 | D:1      | Reached XP level 1. HP: 10/10 MP: 3/3
     6 | D:1      | Noticed an iguana
     6 | D:1      | Noticed an eight-headed hydra
    25 | D:1      | Noticed a black bear
    25 | D:1      | Noticed an anaconda
   488 | D:1      | Reached XP level 2. HP: 15/15 MP: 5/5
   491 | D:1      | Learned a level 2 spell: Ensorcelled Hibernation
   955 | D:2      | Noticed an orc warrior
   965 | D:2      | Reached XP level 3. HP: 19/19 MP: 6/6
   969 | D:2      | Learned a level 3 spell: Tukima's Dance
  1107 | D:2      | Reached skill level 2 in Short Blades
  1139 | D:2      | Reached XP level 4. HP: 21/24 MP: 8/8
  1443 | D:3      | Found an opulent altar of Gozag.
  1522 | D:3      | Reached skill level 3 in Spellcasting
  1558 | D:3      | Reached skill level 1 in Ice Magic
  2258 | D:3      | Reached skill level 5 in Stealth
  2258 | D:3      | Reached XP level 5. HP: 28/28 MP: 4/9
  2262 | D:3      | Learned a level 3 spell: Dazzling Flash
  2404 | D:3      | HP: 1/28 [gnoll (9)]
  2418 | D:3      | Mangled by a gnoll

Illustrated notes

Levels and vault maps discovered:
D:1:      onia_arrival_zoo_common, layout_loops_ring
D:2:      layout_rooms
D:3:      layout_basic, nicolae_gozag_seed_capital

Skill      XL: |  1  2  3  4 |
---------------+-------------+-----
Short Blades   | 2 |  2.5
Spellcasting   | 3 |  3.1
Ice Magic      | 1 |  1.1
Stealth        | 5 |  5.1
Dodging        | |  2.4
Conjurations   | |  0.1
Hexes          | |  3.8

Action                   |  1- 3 |  4- 6 || total
-------------------------+-------+-------++-------
Melee: Dagger            |    94 |   101 ||   195
 Cast: Corona            |     5 |       ||     5
       Ensorcelled Hiber |     5 |    25 ||    30
 Stab: Sleeping          |    21 |    18 ||    39
Armor: Robe              |    14 |     7 ||    21
Dodge: Dodged            |    77 |    81 ||   158
